AoeStats
← alexriquelme602

Arabia

509772272Analyzed
2v2 RM · 6d ago on Sep 28, 2026· 54m 48s· 4 players
Game mode
Random Map
Map size
Medium (4 player)
Population
200
Speed
Normal
Resources
Standard
Victory
Conquest
Starting age
Dark Age
Ending age
Imperial Age
RankedLock teamsTeams togetherTeam positionsShared explorationLock speedFull tech treeHidden civsTurbo modeCheats
Victory
Defeat
🇲🇽 Franks · Mexico
611
+12
🇲🇽 Cumans · Mexico
575
+14
🇦🇷 Jurchens · Argentina
547
-14
🇨🇱 Spanish · Chile
513
-12
GZicchi
0:35 Loom
11:17 Feudal Age
12:36 Wheelbarrow
12:29 Double-Bit Axe
12:36 Horse Collar
23:00 Castle Age
20:54 Stone Mining
21:08 Gold Mining
22:36 Scale Barding Armor
22:32 Scale Mail Armor
22:33 Fletching
22:42 Town Watch
24:21 Bow Saw
27:43 Caravan
29:33 Hand Cart
32:46 Fortified Bastions
33:15 Heavy Plow
34:28 Forging
34:37 Chain Mail Armor
35:22 Town Patrol
36:43 Chain Barding Armor
36:22 Bodkin Arrow
36:27 Padded Archer Armor
39:02 Iron Casting
42:58 Stone Shaft Mining
42:59 Gold Shaft Mining
46:21 Imperial Age
44:30 Leather Archer Armor
48:17 Plate Barding Armor
48:44 Blast Furnace
48:12 Conscription
52:20 Elite Iron Pagoda
alexriquelme602
3:02 Loom
11:04 Feudal Age
11:41 Double-Bit Axe
16:14 Wheelbarrow
16:19 Horse Collar
22:38 Castle Age
22:15 Bloodlines
24:21 Husbandry
23:44 Light Cavalry
26:28 Man-at-Arms
26:53 Gambesons
27:11 Town Watch
27:25 Long Swordsman
27:54 Pikeman
29:44 Heavy Plow
29:58 Bow Saw
32:46 Squires
33:00 Scale Barding Armor
32:55 Scale Mail Armor
33:06 Forging
33:19 Hand Cart
34:04 Thumb Ring
35:49 Arson
36:40 Murder Holes
37:06 Ballistics
40:32 Imperial Age
38:20 Padded Archer Armor
38:27 Fletching
40:16 Town Patrol
42:22 Chemistry
42:07 Leather Archer Armor
41:47 Bodkin Arrow
42:28 Iron Casting
42:33 Caravan
43:11 Fervor
44:23 Masonry
44:17 Halberdier
44:29 Elite Conquistador
48:12 Chain Mail Armor
52:06 Ring Archer Armor
51:37 Bracer
52:38 Blast Furnace
52:08 Plate Mail Armor
antoniocarbo1999
10:24 Feudal Age
11:48 Wheelbarrow
11:02 Double-Bit Axe
11:01 Horse Collar
11:54 Loom
19:57 Gold Mining
23:26 Castle Age
22:01 Stone Mining
22:51 Forging
22:42 Scale Mail Armor
22:49 Scale Barding Armor
24:40 Hand Cart
24:24 Light Cavalry
24:39 Pikeman
25:36 Squires
28:07 Bloodlines
28:21 Caravan
31:19 Bow Saw
31:49 Gold Shaft Mining
31:18 Heavy Plow
33:20 Iron Casting
33:06 Chain Barding Armor
33:02 Chain Mail Armor
32:38 Fletching
34:12 Steppe Husbandry
37:45 Imperial Age
36:07 Ballistics
35:43 Murder Holes
36:19 Padded Archer Armor
38:06 Thumb Ring
37:40 Elite Skirmisher
39:30 Guilds
39:09 Hussar
40:17 Halberdier
42:49 Plate Mail Armor
42:49 Leather Archer Armor
43:39 Blast Furnace
43:20 Plate Barding Armor
43:01 Leather Archer Armor
47:36 Cuman Mercenaries
52:37 Crop Rotation
Danielra345
12:15 Feudal Age
10:31 Loom
18:29 Castle Age
16:48 Gold Mining
16:45 Double-Bit Axe
31:35 Ballistics
31:10 Pikeman
38:18 Imperial Age
40:12 Halberdier
44:17 Scale Barding Armor
44:12 Scale Mail Armor
44:03 Fletching
44:24 Forging
44:14 Padded Archer Armor
46:27 Heavy Scorpion
51:40 Light Cavalry
53:56 Chivalry
53:22 Ordonnance Companies
Connection lost

Rejoining the realm…

Still unreachable

The connection could not be restored.

Session expired

The server has moved on; the page needs a fresh start.